[Event "Team 45 45 League T74"]
[Site "Internet Chess Club"]
[Date "2017.09.28"]
[Round "3"]
[White "drsigmund1"]
[Black "RD1974"]
[Result "0-1"]
[WhiteElo "1409"]
[BlackElo "1576"]
[Opening "Queen's pawn: London system"]
[ECO "A45"]
[Time "17:15:20"]
[TimeControl "2700+45"]

1. d4 Nf6 2. Bf4 e6 3. e3 c5 4. c3 b6 5. Nf3 Bb7 6. Bd3 Nc6 7. Nbd2 d5 8. O-O
Bd6 9. Ne5 O-O 10. Bb5 Ne7 11. Bg5 Ne4 12. Bh4 f6 13. Nef3 Ng6 14. Bg3 Bxg3 15.
hxg3 Qc7 16. Nxe4 dxe4 17. Nd2 Rad8 18. Rc1 e5 19. Qc2 f5 20. Rfd1 f4 21. Nxe4
fxe3 22. fxe3 exd4 23. cxd4 Bxe4 24. Qxe4 Qxg3 25. Rf1 Qd6 26. Rxf8+ Rxf8 27. d5
Ne5 28. Rf1 Rxf1+ 29. Kxf1 Qf6+ 30. Ke2 g6 31. b3 Kg7 32. Qa4 Kh6 33. Qxa7 Ng4
34. Qd7 Qb2+ 35. Kd1 Nxe3+ 36. Ke1 Nxg2+ 37. Kf1 Ne3+ 38. Ke1 Qc3+ 39. Ke2 Nf5
40. Qe6 {White resigns} 0-1

[Event "Team 45 45 League T74"]
[Site "Internet Chess Club"]
[Date "2017.10.03"]
[Round "3"]
[White "Fianchettoed"]
[Black "cool64chess"]
[Result "0-1"]
[WhiteElo "1779"]
[BlackElo "1977"]
[Opening "Catalan: closed, 5.Nf3"]
[ECO "E06"]
[Time "18:30:12"]
[TimeControl "2700+45"]

1. d4 d5 2. c4 e6 3. Nf3 Nf6 4. g3 Be7 5. Bg2 O-O 6. O-O dxc4 7. Ne5 Nc6 8. Nxc6
bxc6 9. Na3 Bxa3 10. bxa3 Nd5 11. e4 Nb6 12. Be3 Qe7 13. Qc1 Ba6 14. Rd1 Rfd8
15. Rb1 e5 16. dxe5 Qxe5 17. Bf4 Qe7 18. Qe3 Rd3 19. Rxd3 cxd3 20. Rb3 Rd8 21.
Qc1 c5 22. Qc3 Bc4 23. Rb1 Bxa2 24. Rd1 c4 25. Bd2 Bb3 26. Ra1 Na4 27. Qa5 c5
28. Rc1 c3 {White resigns} 0-1

[Event "Team 45 45 League T74"]
[Site "Internet Chess Club"]
[Date "2017.09.29"]
[Round "3"]
[White "y3LL3r"]
[Black "Zugzwanged"]
[Result "0-1"]
[WhiteElo "1579"]
[BlackElo "1695"]
[Opening "French: Paulsen variation"]
[ECO "C10"]
[Time "09:00:27"]
[TimeControl "2700+45"]

1. e4 e6 2. d4 d5 3. Nc3 Nc6 4. Bd3 Nxd4 5. Be3 dxe4 6. Bxe4 e5 7. Qh5 Bd6 8.
O-O-O Nf6 9. Qh4 Nxe4 10. Qxd8+ Kxd8 11. Nxe4 Bf5 12. Nxd6 cxd6 13. Bxd4 exd4
14. Rxd4 Ke7 15. Nf3 Rhd8 16. g4 Be6 17. Re1 Rac8 18. Ng5 h6 19. Nxe6 fxe6 20.
Rde4 Rc7 21. Rxe6+ Kf7 22. h4 Rdd7 23. f4 Rc4 24. R6e4 Rdc7 25. Rxc4 Rxc4 26.
Rf1 Rd4 27. c3 Re4 28. Kd2 b5 29. g5 hxg5 30. fxg5+ Kg6 31. Rh1 Kh5 32. Kd3 Rxh4
33. Rxh4+ Kxh4 34. g6 Kg5 35. Kd4 Kxg6 36. Kd5 Kf5 37. Kxd6 g5 38. Kd5 g4 39.
Kd4 Kf4 40. Kd3 Kf3 41. Kd2 Kf2 42. b3 g3 43. c4 bxc4 44. bxc4 g2 {White
resigns} 0-1

[Event "Team 45 45 League T74"]
[Site "Internet Chess Club"]
[Date "2017.09.29"]
[Round "3"]
[White "bookseller"]
[Black "kanishka"]
[Result "0-1"]
[WhiteElo "1687"]
[BlackElo "1719"]
[Opening "Pirc defense"]
[ECO "B07"]
[Time "12:15:52"]
[TimeControl "2700+45"]

1. e4 d6 2. d4 Nf6 3. Nc3 Nbd7 4. f4 e5 5. fxe5 dxe5 6. Nf3 exd4 7. Nxd4 Ne5 8.
Bg5 Bc5 9. Nd5 Bg4 10. Be2 Bxe2 11. Nxe2 Ned7 12. e5 c6 13. Nxf6+ gxf6 14. exf6
Qb6 15. Qd3 Bf2+ 16. Kf1 O-O-O 17. g3 Bc5 18. Kg2 Qxb2 19. Rhb1 Qe5 20. Bf4 Qxf6
21. a4 Rhe8 22. a5 Qe6 23. Nc3 Nb6 24. Qf3 Nd5 25. Nxd5 Qxd5 26. a6 Re2+ 27. Kh3
Qxf3 28. axb7+ Kd7 29. Rd1+ Ke6 {White resigns} 0-1

[Event "Team 45 45 League T74"]
[Site "Internet Chess Club"]
[Date "2017.09.30"]
[Round "3"]
[White "seattleblues"]
[Black "pokerram"]
[Result "0-1"]
[WhiteElo "1311"]
[BlackElo "1551"]
[Opening "King's Indian, 3.Nf3"]
[ECO "E61"]
[Time "21:01:46"]
[TimeControl "2700+45"]

1. d4 Nf6 2. Nf3 g6 3. c4 Bg7 4. Nc3 O-O 5. Bf4 d6 6. e3 Nbd7 7. Be2 Nh5 8. Bg5
Nhf6 9. h3 h6 10. Bh4 c5 11. O-O b6 12. Qc2 Bb7 13. Rad1 d5 14. dxc5 dxc4 15.
Ne5 g5 16. Bg3 Qe8 17. c6 Bxc6 18. Nxc6 Nc5 19. Rd2 Nd3 20. Nd4 Nb4 21. Qb1 Nd3
22. Bxd3 cxd3 23. Qxd3 Rd8 24. Qe2 e6 25. Bh2 Nh7 26. Ncb5 e5 27. Nb3 Qe7 28.
Rfd1 Rxd2 29. Rxd2 a5 30. Nd6 f5 31. Nc4 a4 32. Na1 b5 33. Nd6 f4 34. Nxb5 Rc8
35. Nd6 Rf8 36. exf4 gxf4 37. Qc4+ Kh8 38. Qxa4 Ng5 39. Qc2 e4 40. h4 e3 41.
fxe3 Qxe3+ 42. Kf1 f3 43. gxf3 Nxf3 44. Nf7+ Rxf7 45. Rd8+ Bf8 46. Kg2 Ne1+
{White resigns} 0-1

[Event "Team 45 45 League T74"]
[Site "Internet Chess Club"]
[Date "2017.10.01"]
[Round "3"]
[White "cityprosecutor"]
[Black "WillC"]
[Result "0-1"]
[WhiteElo "1682"]
[BlackElo "1665"]
[Opening "Pirc: classical, h3 system"]
[ECO "B08"]
[Time "19:04:15"]
[TimeControl "2700+45"]

1. e4 d6 2. d4 Nf6 3. Nc3 g6 4. Nf3 Bg7 5. h3 O-O 6. Be3 Nbd7 7. e5 dxe5 8. dxe5
Ne8 9. e6 fxe6 10. Ng5 Bxc3+ 11. bxc3 Ng7 12. Bd4 Nf6 13. Bc4 Qd6 14. Qe2 h6 15.
Rd1 Qc6 16. f3 hxg5 17. Bb5 Qd6 18. Bf2 Qa3 19. Qd3 a6 20. Bc4 b5 21. Bb3 Kh7
22. Qe3 Qa5 23. Qxg5 Qxc3+ 24. Rd2 Rd8 25. Be3 Rxd2 26. Bxd2 Qa1+ 27. Bc1 Bb7
28. Qh6+ Kg8 29. O-O Qd4+ 30. Be3 Qe5 31. Bg5 Kf7 32. c4 bxc4 33. Bc2 Nf5 34.
Bxf5 exf5 35. Bh4 Rd8 36. Re1 Qd4+ 37. Kh1 Qd2 38. Rxe7+ Kxe7 39. Qg7+ Kd6 40.
Qxf6+ Kc5 41. Qe5+ Qd5 42. Qxc7+ Kb4 43. Bxd8 Ka3 44. Qe7+ Kxa2 45. Qe2+ Kb3 46.
Qa2+ {White resigns} 0-1

[Event "Team 45 45 League T74"]
[Site "Internet Chess Club"]
[Date "2017.10.02"]
[Round "3"]
[White "Mitochondria"]
[Black "Hal2001"]
[Result "1-0"]
[WhiteElo "1585"]
[BlackElo "1561"]
[Opening "Benoni: classical with e4 and Nf3"]
[ECO "A70"]
[Time "21:02:53"]
[TimeControl "2700+45"]

1. d4 Nf6 2. c4 c5 3. d5 e6 4. Nc3 exd5 5. cxd5 d6 6. Nf3 g6 7. e4 Bg4 8. Be2
Bxf3 9. Bxf3 Bg7 10. O-O O-O 11. Re1 Re8 12. Bg5 a6 13. Qc2 b5 14. a3 Nbd7 15.
Bd1 c4 16. f3 Nc5 17. Be2 Qb6 18. Be3 Qc7 19. Bf1 Rac8 20. Ne2 Nd3 21. Red1 Nd7
22. Nd4 N7c5 23. Rab1 Qe7 24. Nc6 Qf6 25. Bd4 Qg5 26. Bxg7 Kxg7 27. Qc3+ Kg8 28.
Qd2 Qf6 29. Bxd3 Nxd3 30. Rf1 Nc5 31. Kh1 Nb3 32. Qf2 Qg7 33. Rfd1 Nc5 34. Qh4
Nd3 35. Kg1 Ne5 36. Ne7+ {Black resigns} 1-0

[Event "Team 45 45 League T74"]
[Site "Internet Chess Club"]
[Date "2017.09.28"]
[Round "3"]
[White "elessar"]
[Black "JohLeb"]
[Result "0-1"]
[WhiteElo "1603"]
[BlackElo "1564"]
[Opening "Queen's pawn, Mason variation"]
[ECO "D00"]
[Time "14:00:27"]
[TimeControl "2700+45"]

1. d4 d5 2. Bf4 Nc6 3. e3 Nf6 4. c3 e6 5. Nf3 Bd6 6. Bg3 O-O 7. Ne5 Ne4 8. f4
Nxe5 9. fxe5 Be7 10. Bd3 Nxg3 11. hxg3 h6 12. Nd2 Bg5 13. Qe2 f5 14. O-O-O b6
15. Nf3 c5 16. Kb1 c4 17. Bc2 a5 18. Rh5 Be7 19. Rdh1 b5 20. g4 b4 21. g5 bxc3
22. gxh6 g6 23. h7+ Kh8 24. Rh6 Rb8 25. Nh4 Rxb2+ 26. Ka1 Bxh4 27. Rxg6 Qe7 28.
Qh5 Qa3 29. Rg8+ Rxg8 30. hxg8=Q+ Kxg8 31. Qg6+ Kf8 32. Qh6+ Ke8 33. Qh8+ Kd7
34. Bb1 Rxa2+ 35. Bxa2 Qb2# {White checkmated} 0-1

[Event "Team 45 45 League T74"]
[Site "Internet Chess Club"]
[Date "2017.10.01"]
[Round "3"]
[White "Scorpius"]
[Black "Constrictor"]
[Result "0-1"]
[WhiteElo "1341"]
[BlackElo "1525"]
[Opening "Alekhine's defense: four pawns attack, Trifunovic variation"]
[ECO "B03"]
[Time "15:00:45"]
[TimeControl "2700+45"]

1. e4 Nf6 2. e5 Nd5 3. d4 d6 4. c4 Nb6 5. f4 Bf5 6. Nf3 e6 7. Be3 dxe5 8. fxe5
Nc6 9. Nc3 Bg4 10. Be2 Bxf3 11. Bxf3 Nxc4 12. Qe2 Nxe3 13. Qxe3 Nxd4 14. O-O-O
c5 15. Bxb7 Be7 16. Bc6+ Kf8 17. Bxa8 Bg5 18. Rxd4 Bxe3+ 19. Kc2 cxd4 20. Bc6
dxc3 21. Kxc3 Qd2+ 22. Kb3 Ke7 {White resigns} 0-1

[Event "Team 45 45 League T74"]
[Site "Internet Chess Club"]
[Date "2017.09.29"]
[Round "3"]
[White "jonesey"]
[Black "passedpawn"]
[Result "1/2-1/2"]
[WhiteElo "1873"]
[BlackElo "1818"]
[Opening "English: symmetrical, Botvinnik system"]
[ECO "B20"]
[Time "18:05:06"]
[TimeControl "2700+45"]

1. e4 c5 2. c4 g6 3. g3 Nc6 4. Nc3 Bg7 5. Bg2 Nf6 6. Nge2 O-O 7. O-O d6 8. d3
Bd7 9. h3 Qc8 10. Kh2 Rd8 11. Be3 Rb8 12. Rb1 a6 13. a3 b5 14. cxb5 axb5 15. b4
cxb4 16. axb4 Ne8 17. Qd2 Nc7 18. d4 Na6 19. Rfc1 Qb7 20. f4 e6 21. d5 Ne7 22.
e5 dxe5 23. dxe6 Bc6 24. exf7+ Kxf7 25. Qa2+ Kf8 26. Bxc6 Nxc6 27. fxe5 Nxe5 28.
Rf1+ Nf7 29. Ne4 h6 30. Nc5 Nxc5 31. Bxc5+ Kg8 32. Nf4 Ra8 33. Qc2 Ne5 34. Rb3
Nc4 35. Rd3 Rxd3 36. Qxd3 Ra2+ 37. Rf2 Rxf2+ 38. Bxf2 Ne5 39. Qd5+ Qxd5 40. Nxd5
Nd3 41. Be3 Kf7 42. Nc7 Nxb4 43. Nxb5 Nd5 44. Bd4 Bxd4 45. Nxd4 Kf6 46. Kg2 Ne3+
47. Kf3 Nf5 48. Nc6 h5 49. h4 Ng7 50. Nd4 Ne6 51. Nxe6 Kxe6 52. Ke4 Kf6 53. Kf4
Kf7 54. g4 hxg4 55. Kxg4 Kf6 56. Kf4 Kf7 57. Kg5 Kg7 58. h5 gxh5 59. Kxh5 {Game
drawn because neither player has mating material} 1/2-1/2

[Event "Team 45 45 League T74"]
[Site "Internet Chess Club"]
[Date "2017.09.30"]
[Round "3"]
[White "suicidepawn"]
[Black "fledermaus"]
[Result "0-1"]
[WhiteElo "1716"]
[BlackElo "1815"]
[Opening "Sicilian: Scheveningen, Vitolin's variation"]
[ECO "B80"]
[Time "17:02:07"]
[TimeControl "2700+45"]

1. e4 c5 2. Nf3 e6 3. d4 cxd4 4. Nxd4 Nf6 5. Nc3 d6 6. Bb5+ Bd7 7. Bxd7+ Nbxd7
8. O-O Be7 9. Bg5 Qc7 10. Qd3 a6 11. Bxf6 Bxf6 12. Nce2 Ne5 13. Qe3 O-O 14. Rfd1
Rac8 15. b3 b5 16. a4 b4 17. Rd2 Rfd8 18. Rad1 Nc6 19. Nxc6 Qxc6 20. e5 dxe5 21.
Rxd8+ Rxd8 22. Rxd8+ Bxd8 23. Qd3 Qd5 24. Kf1 e4 25. Qd4 Bb6 26. Qxd5 exd5 27.
Nf4 d4 28. Nd5 Bc5 29. a5 Bd6 30. h3 f5 31. Ke2 Kf7 32. Nb6 Ke6 33. g3 g5 34.
Nc4 Bc7 35. g4 f4 36. f3 Kd5 37. fxe4+ Kxe4 38. Nd2+ Kd5 39. Nc4 h6 {White
resigns} 0-1

[Event "Team 45 45 League T74"]
[Site "Internet Chess Club"]
[Date "2017.10.01"]
[Round "3"]
[White "LookImYourVader"]
[Black "Tobiasdelmonte"]
[Result "1/2-1/2"]
[WhiteElo "1766"]
[BlackElo "1658"]
[Opening "Scotch gambit"]
[ECO "C44"]
[Time "16:01:04"]
[TimeControl "2700+45"]

1. e4 e5 2. d4 exd4 3. Nf3 Nc6 4. Bc4 Bb4+ 5. Bd2 Bxd2+ 6. Nbxd2 Nf6 7. O-O d6
8. Nb3 Ne5 9. Qxd4 Nxf3+ 10. gxf3 Bh3 11. Rfe1 O-O 12. Bf1 Qd7 13. e5 dxe5 14.
Qxd7 Bxd7 15. Rxe5 Rfe8 16. Rae1 Rxe5 17. Rxe5 Re8 18. Rxe8+ Bxe8 19. Bc4 b6 20.
Nd4 c5 21. Nf5 Bd7 22. Nd6 Bc6 23. Bxf7+ Kf8 24. Bc4 Bxf3 25. Nc8 Ne4 26. Nxa7
Nd6 27. Bf1 c4 28. Bg2 Bd1 29. c3 Ke7 30. Nc6+ Kf6 31. Nd4 Kg5 32. Kf1 g6 33.
Bf3 Ba4 34. Bc6 Bd1 35. b3 Bg4 36. Bd5 cxb3 37. axb3 Kf4 38. f3 Bd7 39. Ke2 h5
40. c4 g5 41. b4 g4 42. fxg4 Bxg4+ 43. Kf2 Ne4+ 44. Bxe4 Kxe4 45. Nb5 Kd3 46.
Nd6 Kc3 47. c5 bxc5 48. b5 Bd7 49. b6 Bc6 50. b7 Bxb7 51. Nxb7 c4 52. Nd6 Kd3
53. Nxc4 {Game drawn by mutual agreement} 1/2-1/2

[Event "Team 45 45 League T74"]
[Site "Internet Chess Club"]
[Date "2017.10.02"]
[Round "3"]
[White "fireball"]
[Black "ChessRooklift"]
[Result "1-0"]
[WhiteElo "1598"]
[BlackElo "1687"]
[Opening "Scandinavian defense"]
[ECO "B01"]
[Time "19:04:25"]
[TimeControl "2700+45"]

1. e4 d5 2. exd5 Nf6 3. Bb5+ Nbd7 4. c4 a6 5. Bxd7+ Bxd7 6. d4 b5 7. b3 bxc4 8.
bxc4 g6 9. Nf3 Bg7 10. O-O O-O 11. Nc3 Re8 12. Ne5 Rb8 13. Ba3 Qc8 14. Re1 Bf8
15. Na4 Bxa4 16. Qxa4 e6 17. Bxf8 Kxf8 18. Qa3+ Kg7 19. dxe6 Rxe6 20. d5 Re8 21.
Nc6 Rb6 22. h3 Rxe1+ 23. Rxe1 Qf5 24. Qe3 Rb2 25. Nd4 Qd7 26. Qa3 Rd2 27. Re7
Rd1+ 28. Kh2 Qd6+ 29. Qxd6 cxd6 30. Ne6+ Kh6 31. Rxf7 Ne4 32. h4 g5 33. Nf8 gxh4
34. Rxh7+ Kg5 35. Ne6+ Kg6 36. Rg7+ Kf6 37. Rg4 Nc5 38. Nxc5 dxc5 39. Rxh4 Rd2
40. Rh6+ Ke7 41. Rxa6 Rxf2 42. Rc6 Rxa2 43. Rxc5 Kd7 44. Kh3 Rc2 45. g4 Kd6 46.
Rc6+ Ke5 47. g5 Kf4 48. g6 Rc3+ 49. Kh4 Rc1 50. Rf6+ Ke5 51. Re6+ Kf4 52. Rf6+
Ke5 53. Rf7 Rxc4+ 54. Kg5 Rc1 55. Rf5+ Kd6 56. Kf6 Rc8 57. g7 Re8 58. Kf7 Kd7
59. g8=Q Rb8 60. Qg6 {Black resigns} 1-0

[Event "Team 45 45 League T74"]
[Site "Internet Chess Club"]
[Date "2017.09.30"]
[Round "3"]
[White "SlimeDog2"]
[Black "LittleButton"]
[Result "1-0"]
[WhiteElo "2019"]
[BlackElo "1876"]
[Opening "QGD: exchange, positional line"]
[ECO "D35"]
[Time "03:09:28"]
[TimeControl "2700+45"]

1. d4 d5 2. c4 e6 3. Nc3 Nf6 4. cxd5 exd5 5. Bg5 Nbd7 6. e3 c6 7. Bd3 Be7 8.
Nge2 Nh5 9. Bxe7 Qxe7 10. Qc2 g6 11. O-O-O Nb6 12. Kb1 Bd7 13. Ng3 Ng7 14. h4 h5
15. a4 Qb4 16. e4 O-O 17. f4 Nc4 18. Qf2 dxe4 19. Ngxe4 Nf5 20. Nf6+ Kg7 21.
Nxd7 Nxd4 22. Qxd4+ {Black resigns} 1-0

[Event "Team 45 45 League T74"]
[Site "Internet Chess Club"]
[Date "2017.09.27"]
[Round "3"]
[White "ChessHouston"]
[Black "cysk"]
[Result "1-0"]
[WhiteElo "1638"]
[BlackElo "1702"]
[Opening "Scandinavian: Pytel-Wade variation"]
[ECO "B01"]
[Time "21:35:32"]
[TimeControl "2700+45"]

1. e4 d5 2. exd5 Qxd5 3. Nc3 Qd6 4. d4 Nf6 5. Nf3 a6 6. Bc4 Nc6 7. h3 Bf5 8. Ne2
Be4 9. c3 Bxf3 10. gxf3 e5 11. Be3 O-O-O 12. Bxf7 Nd5 13. Qb3 exd4 14. Qxd5 dxe3
15. Qe6+ Kb8 16. fxe3 Ne5 17. O-O Nxf7 18. Qxf7 Qd2 19. Kf2 Qxb2 20. Rab1 Qa3
21. Nd4 Qxc3 22. Rb3 Qd2+ 23. Kg1 Rxd4 24. exd4 Qxd4+ 25. Kg2 Bd6 26. Re1 Qd2+
27. Kf1 Bc5 28. Re8+ Rxe8 29. Qxe8+ Ka7 30. Qe2 Qd4 31. Ke1 Qa1+ 32. Qd1 Qxa2
33. Qd5 Qf2+ 34. Kd1 b5 35. Qc6 Bd6 36. Rd3 Qg1+ 37. Ke2 Qh2+ 38. Kd1 Qxh3 39.
Kc2 Qh2+ 40. Kb3 h6 41. Re3 Qg1 42. Re8 Qf2 43. Ra8# {Black checkmated} 1-0

[Event "Team 45 45 League T74"]
[Site "Internet Chess Club"]
[Date "2017.10.01"]
[Round "3"]
[White "AVEMARIA"]
[Black "Beetlejuice"]
[Result "0-1"]
[WhiteElo "1614"]
[BlackElo "1783"]
[Opening "Sicilian defense"]
[ECO "B40"]
[Time "09:31:22"]
[TimeControl "2700+45"]

1. e4 c5 2. Nf3 e6 3. g3 Nc6 4. Bg2 a6 5. b3 b5 6. O-O Bb7 7. d3 Nf6 8. Bb2 d6
9. Nc3 g6 10. Ne2 e5 11. Bc1 Bg7 12. Re1 O-O 13. h3 Re8 14. c3 d5 15. exd5 Nxd5
16. Qc2 Nde7 17. Ng5 Na5 18. Ne4 Rc8 19. Bg5 Qb6 20. Rad1 f5 21. Nd2 Bxg2 22.
Kxg2 Qd6 23. Nf3 h6 24. Bc1 Red8 25. Bb2 Qc6 26. Ng1 Qd6 27. Qe2 Nec6 28. c4 Nd4
29. Bxd4 exd4 30. Qe6+ Qxe6 31. Rxe6 Rc6 32. Rde1 Kf7 33. Re7+ Kf6 34. cxb5 Rb6
35. Ra7 Rxb5 36. Ree7 Bf8 37. Rf7+ Ke6 38. Rh7 Rb6 39. Ne2 g5 40. h4 Nc6 41.
Raf7 Ne5 42. Nxe5 Kxe5 43. hxg5 hxg5 44. Rh8 Rf6 45. f4+ gxf4 46. gxf4+ Ke6 47.
Ra7 Kd5 48. Rg8 Re8 49. Kf3 Re3+ 50. Kf2 Re8 51. Ng3 Ree6 52. Nh5 Rh6 53. Rxf8
Rxh5 54. Rd8+ Rd6 55. Rxd6+ Kxd6 56. Rxa6+ Kd7 57. Kg3 Rh1 58. Rf6 Ra1 59. Rxf5
Kd6 60. Rf6+ Kd5 61. Rf5+ Kd6 62. Kf3 Rxa2 63. Rf6+ Kd5 64. Rf8 Rd2 65. Rd8+ Ke6
66. Re8+ Kd6 67. Rd8+ Kc7 68. Rd5 Kc6 69. Rg5 Rxd3+ 70. Ke4 Rxb3 71. Rg6+ Kd7
72. Kd5 Rc3 73. f5 d3 74. Rg3 d2 75. Rg1 Rc1 {White resigns} 0-1

[Event "Team 45 45 League T74"]
[Site "Internet Chess Club"]
[Date "2017.10.01"]
[Round "3"]
[White "nealbruce"]
[Black "Warpdrive"]
[Result "1-0"]
[WhiteElo "1675"]
[BlackElo "1510"]
[Opening "Caro-Kann: exchange variation"]
[ECO "B13"]
[Time "20:05:39"]
[TimeControl "2700+45"]

1. e4 c6 2. d4 d5 3. exd5 cxd5 4. Bd3 Nf6 5. c3 e6 6. Bf4 Nc6 7. Nf3 Bd6 8. Bxd6
Qxd6 9. O-O h6 10. Re1 O-O 11. Nbd2 Bd7 12. Ne5 Ne8 13. Qg4 Nxe5 14. dxe5 Qe7
15. Nf3 Rc8 16. Qd4 Qc5 17. Qg4 Bb5 18. Bc2 Qe7 19. Rad1 Kh8 20. Qh3 f5 21. exf6
Rxf6 22. Rxd5 Bc6 23. Rd3 Bxf3 24. Rxf3 Rxf3 25. Qxf3 Nf6 26. Qe3 {Black
resigns} 1-0

[Event "Team 45 45 League T74"]
[Site "Internet Chess Club"]
[Date "2017.10.01"]
[Round "3"]
[White "kutch"]
[Black "creativechesski"]
[Result "1-0"]
[WhiteElo "1587"]
[BlackElo "1366"]
[Opening "Grünfeld: modern exchange variation"]
[ECO "D85"]
[Time "20:02:36"]
[TimeControl "2700+45"]

1. d4 Nf6 2. c4 g6 3. Nc3 d5 4. cxd5 Nxd5 5. e4 Nxc3 6. bxc3 Bg7 7. Nf3 O-O 8.
Bc4 c5 9. h3 Nc6 10. Be3 Qc7 11. O-O Rd8 12. Qd2 cxd4 13. cxd4 Nxd4 14. Qc1 Nc6
15. Rb1 b6 16. Ng5 e6 17. Bb3 Bb7 18. f4 Rac8 19. f5 Nd4 20. Qxc7 Rxc7 21. fxe6
Nxb3 22. exf7+ Kh8 23. Rxb3 Rf8 24. Ne6 Rfxf7 25. Nxc7 Rxc7 26. Rd1 Rc8 27. Rbd3
Bf6 28. Bd4 Bxd4+ 29. Rxd4 Rc2 30. Rd8+ Kg7 31. R8d7+ Kf6 32. Rxb7 Rxa2 33. Rxh7
b5 34. Rhd7 a5 35. R7d2 Ra4 36. Rb1 b4 37. Kf2 Ra3 38. Ke2 b3 39. Rdb2 a4 40.
Ke3 Ke5 41. h4 Kf6 42. g4 Kg7 43. Kf4 Kf6 44. e5+ Kg7 45. Kg5 Kf7 46. h5 gxh5
47. gxh5 Kg7 48. e6 Kf8 49. Kf6 Ke8 50. h6 Kf8 51. e7+ Ke8 52. h7 Ra2 53. Rxa2
bxa2 54. Ra1 a3 55. h8=Q+ Kd7 56. e8=Q+ Kd6 57. Qe6+ Kc7 58. Qh7+ Kb8 59. Qeg8#
{Black checkmated} 1-0

[Event "Team 45 45 League T74"]
[Site "Internet Chess Club"]
[Date "2017.10.01"]
[Round "3"]
[White "jadencheung"]
[Black "Electryon"]
[Result "0-1"]
[WhiteElo "1373"]
[BlackElo "1476"]
[Opening "Scandinavian (center counter) defense"]
[ECO "B01"]
[Time "10:32:09"]
[TimeControl "2700+45"]

1. e4 d5 2. exd5 Qxd5 3. Nc3 Qa5 4. Nf3 Nf6 5. Bb5+ c6 6. Ba4 Bf5 7. d3 e6 8.
Bd2 Bb4 9. Bb3 Nd5 10. Nxd5 cxd5 11. a3 Bxd2+ 12. Qxd2 Nc6 13. Qxa5 Nxa5 14.
Ba4+ Ke7 15. O-O Rhc8 16. Nd4 Bg6 17. Rac1 a6 18. Rfd1 b5 19. Bb3 Nc6 20. Nxc6+
Rxc6 21. c3 Rac8 22. d4 a5 23. Bc2 Bxc2 24. Rxc2 b4 25. axb4 axb4 26. Rdc1 bxc3
27. Rxc3 Rc4 28. Rxc4 Rxc4 29. Rd1 Kd6 30. Kf1 Rc2 31. Rb1 e5 32. dxe5+ Kxe5 33.
f3 d4 34. h3 d3 35. g3 d2 36. Ke2 Rc1 37. Kxd2 Rxb1 38. Kc3 Kd5 39. b4 Kc6 40.
Kc4 Rc1+ 41. Kb3 Kb5 42. f4 Rg1 43. g4 Rg3+ 44. Kc2 Rxh3 45. f5 Kxb4 46. g5 Rf3
47. f6 g6 48. Kd2 Kc4 49. Ke2 Rd3 50. Kf2 Kd4 51. Kg2 Ke4 52. Kh2 Rf3 53. Kg2
Kf4 54. Kh2 Kg4 55. Kg2 Rf4 56. Kg1 Kg3 57. Kh1 Rf1# {White checkmated} 0-1

[Event "Team 45 45 League T74"]
[Site "Internet Chess Club"]
[Date "2017.10.01"]
[Round "3"]
[White "Visin"]
[Black "leoshi"]
[Result "1/2-1/2"]
[WhiteElo "1145"]
[BlackElo "1296"]
[Opening "Giuoco Piano: four knights variation"]
[ECO "C50"]
[Time "12:00:26"]
[TimeControl "2700+45"]

1. e4 e5 2. Nf3 Nc6 3. Bc4 Bc5 4. Nc3 Nf6 5. h3 O-O 6. d3 h6 7. a3 d6 8. O-O Be6
9. Qe2 Bxc4 10. dxc4 Re8 11. Nd5 Nxd5 12. cxd5 Nd4 13. Nxd4 exd4 14. Qf3 Re7 15.
b4 Bb6 16. Bb2 Qe8 17. Rfe1 Rd8 18. Rad1 c5 19. Qg4 Qd7 20. Qxd7 Rdxd7 21. c3
dxc3 22. Bxc3 cxb4 23. Bxb4 a5 24. Bd2 Rd8 25. a4 Rde8 26. Bf4 Bc5 27. Rb1 b6
28. Be3 Rxe4 29. Rb3 Bxe3 30. Rexe3 Rxe3 31. fxe3 Re5 32. Rxb6 Rxd5 33. Kf2 Rf5+
34. Ke2 Rf6 35. Rb5 Rg6 36. g4 Rg5 37. Rb8+ Kh7 38. Rd8 Rg6 39. Kd3 Rf6 40. Ra8
Rf3 41. Rxa5 Rxh3 42. Rd5 Rg3 43. a5 Rxg4 44. a6 Ra4 45. Rxd6 h5 46. Ke2 h4 47.
Kf3 g5 48. e4 Ra3+ 49. Kf2 h3 50. Kg1 Ra2 51. Rd3 h2+ 52. Kh1 Rxa6 53. Kxh2 Re6
54. Rd4 Kg6 55. Kg3 f5 56. exf5+ Kxf5 57. Rd5+ Kg6 58. Rd4 Kh5 59. Kf3 Rg6 60.
Kg3 g4 61. Rd5+ Rg5 62. Rxg5+ Kxg5 63. Kg2 Kf5 64. Kg3 Kg5 65. Kg2 Kf4 66. Kf2
g3+ 67. Kg2 Kg4 68. Kg1 Kh4 69. Kg2 Kg4 70. Kg1 {Game drawn by mutual agreement}
1/2-1/2

[Event "Team 45 45 League T74"]
[Site "Internet Chess Club"]
[Date "2017.09.28"]
[Round "3"]
[White "Newbao"]
[Black "Aquaman"]
[Result "0-1"]
[WhiteElo "1307"]
[BlackElo "1276"]
[Opening "QP counter-gambit: Maroczy gambit"]
[ECO "C40"]
[Time "21:01:56"]
[TimeControl "2700+45"]

1. e4 e5 2. Nf3 d5 3. exd5 Bd6 4. Nc3 Nf6 5. Bb5+ Bd7 6. Bxd7+ Nbxd7 7. O-O O-O
8. Re1 Re8 9. d4 e4 10. Nd2 Nb6 11. Ndxe4 Nxe4 12. Nxe4 Nxd5 13. Nxd6 Qxd6 14.
Bd2 Nf6 15. Bc3 a5 16. Qf3 c6 17. Re5 Nd5 18. Rxe8+ Rxe8 19. Bxa5 Nf4 20. Bb6
Ne2+ 21. Kh1 Nxd4 22. Bxd4 Qxd4 23. c3 Qd2 24. g3 Re2 25. Qg4 g6 26. Qc8+ Kg7
27. Qxb7 Rxf2 28. Kg1 Rg2+ 29. Kh1 Rxh2+ 30. Kg1 Qg2# {White checkmated} 0-1

[Event "Team 45 45 League T74"]
[Site "Internet Chess Club"]
[Date "2017.10.02"]
[Round "3"]
[White "tuotuo123"]
[Black "az2112"]
[Result "1/2-1/2"]
[WhiteElo "1483"]
[BlackElo "1653"]
[Opening "Sicilian: Najdorf, Opocensky variation"]
[ECO "B92"]
[Time "22:01:22"]
[TimeControl "2700+45"]

1. e4 c5 2. Nf3 d6 3. d4 cxd4 4. Nxd4 Nf6 5. Nc3 a6 6. Be2 e5 7. Nb3 Be6 8. O-O
Be7 9. Be3 O-O 10. Qd2 d5 11. exd5 Nxd5 12. Nxd5 Qxd5 13. Qxd5 Bxd5 14. Rfd1 Rd8
15. Bb6 Rd7 16. Nc5 Bxc5 17. Bxc5 Be4 18. c3 Bc2 19. Rd6 Rxd6 20. Bxd6 Nc6 21.
Bf3 e4 22. Bg4 Rd8 23. Bc7 Re8 24. Re1 Ne5 25. Bf5 Nc6 26. f3 Kh8 27. Bxe4 f5
28. Rc1 Bxe4 29. fxe4 Rxe4 30. Rd1 g6 31. Kf2 Kg7 32. Rd7+ Re7 33. Be5+ Kf7 34.
Rxe7+ Kxe7 35. Bf4 Ke6 36. Ke3 Kd5 37. b3 b5 38. a3 Na5 39. b4 {Game drawn by
mutual agreement} 1/2-1/2

[Event "Team 45 45 League T74"]
[Site "Internet Chess Club"]
[Date "2017.09.30"]
[Round "3"]
[White "ChessMaine"]
[Black "kwen2008"]
[Result "0-1"]
[WhiteElo "1488"]
[BlackElo "1612"]
[Opening "King's Indian: Torre attack"]
[ECO "A45"]
[Time "22:00:58"]
[TimeControl "2700+45"]

1. d4 Nf6 2. Bg5 g6 3. Nf3 Bg7 4. Nbd2 d5 5. Bxf6 Bxf6 6. e4 dxe4 7. Nxe4 Bg7 8.
Bc4 O-O 9. c3 Nc6 10. O-O a6 11. a4 Na5 12. Bd3 Be6 13. Nc5 Bd5 14. Be4 Bxe4 15.
Nxe4 Qd5 16. Ned2 Rad8 17. Re1 e6 18. Ne5 c5 19. b4 cxb4 20. cxb4 Qxd4 21. bxa5
Bxe5 22. Ra2 Bf4 23. Re2 Qd5 24. Rb2 Qxa5 25. Kf1 Rd4 26. Qe1 Rfd8 27. Rxb7 Bxd2
28. Qa1 Bc3 {White forfeits on time} 0-1

[Event "Team 45 45 League T74"]
[Site "Internet Chess Club"]
[Date "2017.10.02"]
[Round "3"]
[White "dinosaurchess"]
[Black "seattleblues"]
[Result "0-1"]
[WhiteElo "1343"]
[BlackElo "1347"]
[Opening "Caro-Kann: classical variation"]
[ECO "B18"]
[Time "20:04:59"]
[TimeControl "2700+45"]

1. e4 c6 2. d4 d5 3. Nc3 dxe4 4. Nxe4 Bf5 5. Ng3 Bg6 6. Nf3 Nd7 7. c3 Ngf6 8.
Bc4 e6 9. Bg5 c5 10. O-O Qc7 11. Bb3 Bd6 12. Re1 O-O 13. dxc5 Bxc5 14. Nd4 Bxd4
15. Qxd4 h6 16. Bf4 Qb6 17. Qd2 Kh7 18. Rad1 Rad8 19. Qe2 Rfe8 20. Be3 Qa5 21.
Qf3 Qa6 22. Qf4 b6 23. h3 Qc8 24. Qa4 Qb7 25. Qb4 Nb8 26. a4 Nd5 27. Bxd5 Rxd5
28. c4 Rxd1 29. Rxd1 Nc6 30. Qb5 Qc8 31. c5 bxc5 32. Qxc5 a6 33. Qb6 Ne5 34. Rc1
Qa8 35. Rc3 Rd8 36. Rc1 Rb8 37. Qd4 Nd3 38. Rc2 Nb4 39. Rd2 Nd5 40. Bf4 Rb4 41.
Qe3 Nxf4 42. Rd4 Rxd4 43. Qxd4 Qxg2# {White checkmated} 0-1